 Dungeon Crawl Stone Soup version 0.28-a0-511-gcc94558de3 (webtiles) character file.

Game seed: 18002914454249868469

217 meatgazer the Distorting Demonspawn (level 5, -3/42 HPs)
             Began as a Demonspawn Abyssal Knight on Sept 21, 2021.
             Was a Believer of Lugonu.
             Slain by a wyvern (17 damage)
             ... on level 4 of the Dungeon.
             The game lasted 00:06:21 (4087 turns).

meatgazer the Distorting Demonspawn (DsAK)          Turns: 4087, Time: 00:06:21

Health: -3/42      AC:  3    Str: 19    XL:     5   Next: 62%
Magic:  17/17      EV: 14    Int: 12    God:    Lugonu [**....]
Gold:   31         SH:  0    Dex: 14    Spells: 4/4 levels left

rFire   . . .      SeeInvis .   a - +1 hand axe (vamp)
rCold   . . .      Faith    .   (no shield)
rNeg    . . .      Spirit   .   b - +0 leather armour
rPois   .          Reflect  .   (no helmet)
rElec   .          Harm     .   (no cloak)
rCorr   .          Rampage  .   (no gloves)
Will    .....                   (no boots)
Stlth   +.........              (no amulet)
HPRegen 0.14/turn               g - +6 ring of strength
MPRegen 0.15/turn               l - ring of magical power

@: no status effects
A: claws 1, repulsion field 2
a: Renounce Religion, Depart the Abyss, Bend Space


You were on level 4 of the Dungeon.
You worshipped Lugonu.
Lugonu was pleased with you.
You visited 1 branch of the dungeon, and saw 4 of its levels.
You visited the Abyss 1 time.

You collected 157 gold pieces.
You spent 126 gold pieces at shops.

Inventory:

Hand Weapons
 a - a +1 vampiric hand axe (weapon)
 h - a +2 hand axe of electrocution
Armour
 b - a +0 leather armour (worn)
Jewellery
 g - a +6 ring of strength (left claw)
 l - a ring of magical power (right claw)
Wands
 j - a wand of paralysis (3)
Scrolls
 i - a scroll of teleportation
Potions
 c - 2 potions of curing
 d - 2 potions of heal wounds
 e - a potion of mutation {unknown}
 f - 2 potions of lignification
 k - a potion of degeneration {unknown}


   Skills:
 + Level 4.0 Fighting
 + Level 2.9 Axes
 + Level 2.8 Armour
 - Level 1.0 Dodging
 * Level 4.9 Invocations


You had 4 spell levels left.
You didn't know any spells.
Your spell library contained the following spells:

 Spells                   Type           Power      Damage    Failure   Level
 Dazzling Flash           Conj/Hex       0%         N/A       75%         3
 Agony                    Necr           0%         N/A       100%        5
 Silence                  Hex/Air        0%         N/A       100%        5


Dungeon Overview and Level Annotations

Branches:
Dungeon (4/15)
 Temple: D:4-7

Altars:
Ashenzari
Gozag
Sif Muna
Uskayaw
Zin

Shops:
D:3 ([[**


Innate Abilities, Weirdness & Mutations

You have sharp fingernails.
You are surrounded by a moderate repulsion field. (EV +3)


Message History

The phantom is almost destroyed.
The phantom hits you!
The phantom blinks!
You blink.
You hit the phantom.
The phantom is almost destroyed.
The phantom closely misses you.
You hit the phantom.
You destroy the phantom!
Lugonu accepts your kill.
Your Fighting skill increases to level 4!
As you read the scroll of identify, it crumbles to dust.
f - 2 potions of lignification HP restored.
k - a yellow potion
Found a short sword.
You see here a +0 short sword.
Found a thin smoking staff.
You see here a staff of earth.
Found 23 stones.
Found a hide-covered altar of Uskayaw.
Found a stone staircase leading down.
A wyvern comes into view.
The wyvern hisses angrily.
You hit the wyvern.
The wyvern is lightly wounded.
The wyvern bites you!
You hit the wyvern.
The wyvern is lightly wounded.
The wyvern misses you. The wyvern bites you!
You are too injured to fight recklessly!
You are too injured to fight recklessly!
You hit the wyvern.
The wyvern is heavily wounded.
The wyvern misses you. The wyvern bites you.
You completely miss the wyvern.
The wyvern is heavily wounded.
The wyvern barely misses you.
You barely miss the wyvern.
The wyvern is heavily wounded.
The wyvern barely misses you. The wyvern bites you!
You die...

.#.# ...# ... ######
#.##>. ...... #.#...
###### ###.#..#
...(...## #.# ######
####.....#####.# #.#
.. ......
.........l.....#
#....# ######
.##.#....@# #.##..
######...._.....##
#.##.#
.........#.#.#.##
#.##.# ######
#.#.########## #.##.#
#
..#.........|###.##.#
#
#.##########........##
# #.# #####.....# #
#.# #...... # #.#
#####.#


You could see a wyvern.

Vanquished Creatures
  A phantom (D:4)
  An orc priest (D:3)
  5 adders
  A worm (D:3)
  4 orcs (D:3)
  3 bats
  5 endoplasms
  5 giant cockroaches
  5 goblins
  6 hobgoblins
  7 kobolds
  4 quokkas
  2 ball pythons
  2 frilled lizards (D:1)
  7 rats
58 creatures vanquished.

Notes
Turn   | Place    | Note
-------+----------+-------------------------------------------
     0 | Abyss:1  | meatgazer the Demonspawn Abyssal Knight began the quest for
                  | the Orb.
     0 | Abyss:1  | Reached XP level 1. HP: 18/18 MP: 2/2
   125 | Abyss:2  | Noticed a starcursed mass
   135 | D:1      | Escaped the Abyss
   688 | D:1      | Reached skill level 1 in Dodging
   863 | D:1      | Gained mutation: You are surrounded by a mild repulsion
                  | field. (EV +2) [demonic ancestry]
   863 | D:1      | Reached XP level 2. HP: 24/24 MP: 3/3
  1194 | D:1      | Found a faded altar of an unknown god.
  1374 | D:1      | Reached * piety under Lugonu
  1909 | D:2      | Gained mutation: You are surrounded by a moderate repulsion
                  | field. (EV +3) [demonic ancestry]
  1909 | D:2      | Reached XP level 3. HP: 27/29 MP: 5/5
  2301 | D:2      | You fall into a shaft and drop 2 floors!
  2423 | D:3      | Found a broken altar of Ashenzari.
  2439 | D:3      | Found Basm's General Store.
  2456 | D:3      | Found Teasoa's Armour Shop.
  2458 | D:3      | Found Reipohe's Antique Armour Boutique.
  2535 | D:3      | Found Kofeof's Antique Weapon Shoppe.
  2660 | D:2      | Reached XP level 4. HP: 30/36 MP: 6/6
  2969 | D:3      | Found an opulent altar of Gozag.
  3288 | D:3      | Found Hoko's Assorted Antiques.
  3316 | D:3      | Reached ** piety under Lugonu
  3317 | D:3      | Gained mutation: You have sharp fingernails. [demonic
                  | ancestry]
  3317 | D:3      | Reached XP level 5. HP: 19/42 MP: 8/8
  3318 | D:3      | Bought a large coral ring for 105 gold pieces
  3318 | D:3      | Bought a scroll labelled AKUCLUG YDUIM for 21 gold pieces
  3541 | D:3      | Found a shimmering blue altar of Sif Muna.
  3875 | D:4      | Noticed a phantom
  3897 | D:4      | Killed a phantom
  4079 | D:4      | Found a hide-covered altar of Uskayaw.
  4081 | D:4      | Noticed a wyvern
  4087 | D:4      | Slain by a wyvern

Illustrated notes

Levels and vault maps discovered:
D:1:      beargit_arrival_greenhouse, layout_loops_ring, basic_ecumenical_altar,
          minmay_stone_trees_medium
D:2:      layout_rooms, minmay_tromino_v4_c
D:3:      layout_loops_ring, zin_statuary, cheibrodos_ashenzari_chains,
          led_sif_book, mainiacjoe_overflow_small_starburst, serial_shops,
          nicolae_shop_crystal, nicolae_shop_trees, nicolae_diamond_shop, shop,
          shop, roderic_roman_lattice, kennysheep_generic_room_16
D:4:      layout_loops_ring, lemuel_crystal_altar

Skill      XL: |  1  2  3  4  5 |
---------------+----------------+-----
Dodging        | 1 |  1.0
Axes           | 2 |  2.9
Armour         | 2 |  2.8
Invocations    | 3 4 |  4.9
Fighting       | 4 |  4.0

Action                   |  1- 3 |  4- 6 || total
-------------------------+-------+-------++-------
Melee: Hand axe          |   138 |    73 ||   211
Invok: Depart the Abyss  |     1 |       ||     1
  Use: Scroll            |     6 |     2 ||     8
       Potion            |     2 |     1 ||     3
 Stab: Sleeping          |     1 |       ||     1
Armor: Leather armour    |    27 |     4 ||    31
Dodge: Dodged            |    92 |    44 ||   136

Table legend: (Time is in decaauts)
 A = Elapsed time spent in this place.
 B = Non-inter-level travel time spent in this place.
 C = Inter-level travel time spent in this place.
 D = Time resting spent in this place.
 E = Time spent auto-exploring this place.
 F = Levels seen in this place.
 G = Mean time per level.
                   A        B        C        D        E       F      G
               +--------+--------+--------+--------+--------+-----+--------+
         Total |   4125 |   4045 |     80 |    649 |   2816 |   6 |  687.5 |
       Dungeon |   3990 |   3910 |     80 |    649 |   2705 |   4 |  997.5 |
         Abyss |    134 |    134 |      0 |      0 |    111 |   2 |   67.0 |
               +--------+--------+--------+--------+--------+-----+--------+

Top non-repeatable levels by time:
     D:1: 1716 daAuts
     D:3: 1257 daAuts
     D:2: 738 daAuts
     D:4: 278 daAuts
 Abyss:2: 77 daAuts
 Abyss:1: 57 daAuts
